 Dungeon Crawl Stone Soup version 0.26.1-2-gb8aa6d0cf2 (webtiles) character file.

Game seed: 5882426627515894614

62 FishyPogo the Sneak (level 4, -1/39 HPs)
             Began as a Naga Warper on Feb 22, 2021.
             Was an Initiate of Cheibriados.
             Slain by a rat (3 damage)
             ... on level 2 of the Dungeon.
             The game lasted 00:08:56 (1771 turns).

FishyPogo the Sneak (Naga Warper)                   Turns: 1771, Time: 00:08:56

Health: -1/39      AC:  4    Str: 15    XL:     4   Next: 8%
Magic:  1/8        EV: 10    Int: 14    God:    Cheibriados [......]
Gold:   122        SH:  0    Dex: 12    Spells: 6/8 levels left

rFire    . . .     SeeInvis +   a - +0 spear
rCold    . . .     Faith    .   (no shield)
rNeg     . . .     Spirit   .   b - +0 leather armour
rPois    +         Reflect  .   (no helmet)
rElec    .         Harm     .   (no cloak)
rCorr    .         Rampage  .   m - +0 pair of gloves
Will     .....                  (no barding)
Stlth    ++........             (no amulet)
HPRegen  0.13/turn              (no ring)
MPRegen  0.11/turn              (no ring)

@: very slow
A: large, see invisible, deformed body, poison resistance, slowness 2, spit
poison 1, AC +1
a: Spit Poison, Renounce Religion, Bend Time


You were on level 2 of the Dungeon.
You worshipped Cheibriados.
Cheibriados was noncommittal.
You visited 1 branch of the dungeon, and saw 2 of its levels.

You collected 122 gold pieces.

Inventory:

Hand Weapons
 a - a +0 spear (weapon)
Missiles
 e - 5 boomerangs of dispersal (quivered)
 j - 22 stones
Armour
 b - a +0 leather armour (worn)
 m - a +0 pair of gloves (worn)
Scrolls
 c - 3 scrolls of remove curse {unknown}
 d - a scroll of blinking
 f - 3 scrolls of teleportation {unknown}
 h - a scroll of amnesia {unknown}
 k - a scroll of magic mapping {unknown}
 l - a scroll of identify {unknown}
Potions
 g - a potion of mutation {unknown}
 i - a potion of heal wounds {unknown}
 n - a potion of brilliance {unknown}
 o - a potion of lignification {unknown}


   Skills:
 + Level 2.0 Fighting
 - Level 2.0 Polearms
 - Level 1.0 Throwing
 - Level 1.0 Armour
 - Level 2.0 Dodging
 + Level 3.5 Stealth
 * Level 2.8 Spellcasting
 - Level 3.0 Translocations
 * Level 0.0 Invocations


You had 6 spell levels left.
You knew the following spells:

 Your Spells              Type           Power        Failure   Level
c - Blink                 Tloc           N/A          12%         2

Your spell library contained the following spells:

 Spells                   Type           Power        Failure   Level
 Gell's Gravitas          Tloc           5%           24%         3
 Lesser Beckoning         Tloc           5%           24%         3
 Teleport Other           Tloc           10%          24%         3
 Passage of Golubria      Tloc           N/A          61%         4


Dungeon Overview and Level Annotations

Branches:
Dungeon (2/15)

Altars:
Cheibriados
Elyvilon


Innate Abilities, Weirdness & Mutations

You cannot wear boots.
Your serpentine skin is tough. (AC +1)
You have supernaturally acute eyesight. (SInv)
Armour fits poorly on your strangely shaped body.
Your system is resistant to poisons. (rPois)
You cover ground very slowly.
You can spit poison.


Message History

The kobold misses you.
You hear a shout!
Found a stone staircase leading up.
A rat comes into view.
The leopard gecko bites you but does no damage.
A gnoll comes into view. It is wielding a +0 spear.
Found 11 gold pieces.
The leopard gecko bites you but does no damage.
The kobold barely misses you. The leopard gecko bites you.
* * * LOW HITPOINT WARNING * * *
A gnoll comes into view. It is wielding a -2 flail.
The kobold hits you.
* * * LOW HITPOINT WARNING * * *
The leopard gecko closely misses you. The rat bites you.
* * * LOW HITPOINT WARNING * * *
The leopard gecko misses you. The kobold hits you.
* * * LOW HITPOINT WARNING * * *
The rat bites you.
You die...

... #.# ....
###.# .... #...#
..... #...#
.$...###...# #.
...........#...
.......W....g...
.####.rlK......#
#.#@..g......
#.#<......... #
#.######### #.#
#.# #.# #.# #.#


You could see a phantom, 2 gnolls, a leopard gecko, a kobold and a rat.

Vanquished Creatures
  Terence (D:2)
  2 oozes (D:1)
  A worm (D:2)
  3 leopard geckos
  3 giant cockroaches
  2 goblins (D:1)
  5 hobgoblins
  A kobold (D:1)
  4 rats
22 creatures vanquished.

Notes
Turn   | Place    | Note
-------+----------+-------------------------------------------
     0 | D:1      | FishyPogo the Naga Warper began the quest for the Orb.
     0 | D:1      | Reached XP level 1. HP: 19/19 MP: 3/3
   115 | D:1      | Reached skill level 1 in Throwing
   158 | D:1      | Reached skill level 1 in Armour
   158 | D:1      | Reached skill level 1 in Stealth
   158 | D:1      | Reached XP level 2. HP: 26/26 MP: 5/5
   712 | D:1      | Reached XP level 3. HP: 30/32 MP: 6/6
   987 | D:2      | Found a white marble altar of Elyvilon.
  1280 | D:2      | Found a snail-covered altar of Cheibriados.
  1290 | D:2      | Became a worshipper of Cheibriados the Contemplative
  1294 | D:2      | Learned a level 2 spell: Blink
  1359 | D:2      | Noticed Terence
  1387 | D:2      | Killed Terence
  1388 | D:2      | Reached XP level 4. HP: 13/39 MP: 0/8
  1759 | D:2      | Noticed a phantom
  1771 | D:2      | Slain by a rat

Illustrated notes

Levels and vault maps discovered:
D:1:      dpeg_arrival_stonehenge_8_columns, layout_basic
D:2:      layout_basic, nicolae_overflow_crystal_walls, elyvilon_altar_5,
          uniq_natasha, uniq_terence, uniq_jessica

Skill      XL: |  1  2  3 |
---------------+----------+-----
Throwing       | 1 |  1.0
Armour         | 1 |  1.0
Stealth        | 1 2 3 |  3.5
Dodging        | 2 |  2.0
Fighting       | |  2.0
Polearms       | |  2.0
Spellcasting   | |  2.8
Translocations | |  3.0

Action                   |  1- 3 |  4- 6 || total
-------------------------+-------+-------++-------
Melee: Spear             |    68 |     7 ||    75
 Cast: Blink             |     4 |     1 ||     5
Invok: Bend Time         |       |     2 ||     2
 Abil: Spit Poison       |    26 |       ||    26
Armor: Leather armour    |    17 |     3 ||    20
Dodge: Dodged            |    32 |     6 ||    38
